 Dungeon Crawl Stone Soup version 0.32-a0-747-gc8563f6773 (webtiles) character file.

Game seed: 17524627719291480691

1558 Aldia the Scratcher (level 8, -13/42 HPs)
             Began as a Felid Shapeshifter on Mar 17, 2024.
             Was an Initiate of Gozag.
             Killed from afar by an electric eel (15 damage)
             ... with a bolt of electricity
             ... on level 6 of the Dungeon.
             The game lasted 00:08:10 (4619 turns).

Aldia the Scratcher (Felid Shapeshifter)            Turns: 4619, Time: 00:08:10

Health: -13/42     AC:  2    Str: 10    XL:     8   Next: 58%
Magic:  9/9        EV: 17    Int: 14    God:    Gozag
Gold:   387        SH:  0    Dex: 18    Spells: 7/7 levels left
                                        Lives:  0   Deaths: 3

rFire   . .          .
                       - Unarmed
rCold   . . .        (shield unavailable)
rNeg    . . .        (body armour unavailable)
rPois   .            (helmet unavailable)
rElec   .            (cloak unavailable)
rCorr   .            (gloves unavailable)
SInv    +            (boots unavailable)
Will    +....        v - amulet of regeneration
Stlth   ++           (no ring)
HPRegen 1.07/turn    (no ring)
MPRegen 0.11/turn

%: no passive effects
@: beast-form
A: beast (slay +3), very small, claws 1, fangs 3, see invisible, shaggy fur 2,
stealthy paws, no weapons or thrown items, no armour, multi-lived
a: Begin Untransformation, Renounce Religion, Potion Petition, Call Merchant,
Bribe Branch


You were on level 6 of the Dungeon.
You worshipped Gozag.
Gozag was aware of your devotion.
You were a hulking beast.
You visited 2 branches of the dungeon, and saw 7 of its levels.

You collected 463 gold pieces.
You paid 76 gold pieces to Gozag.

Inventory:

Jewellery
 k - an amulet of the acrobat
 v - an amulet of regeneration (around neck)
 w - an amulet of reflection
Talismans
 b - a beast talisman (active)
 c - a flux talisman
Wands
 h - a wand of mindburst (18)
 u - a wand of light (10)
Scrolls
 a - 2 scrolls of fear
 d - 2 scrolls of poison
 g - a scroll of immolation {unknown}
 i - a scroll of teleportation
 l - a scroll of revelation {unknown}
 n - a scroll of silence {unknown}
 o - a scroll of blinking {unknown}
 q - a scroll of noise
 r - a scroll of amnesia {unknown}
 x - a scroll of summoning {unknown}
Potions
 e - a potion of curing
 f - 2 potions of mutation
 j - a potion of invisibility
 m - a potion of brilliance
 p - a potion of ambrosia {unknown}
 s - a potion of lignification
 t - a potion of heal wounds {unknown}


   Skills:
 + Level 3.7 Fighting
 - Level 3.0 Dodging
 * Level 7.2 Unarmed Combat
 * Level 6.9 Shapeshifting


You had 7 spell levels left.
You didn't know any spells.
Your spell library contained the following spells:

 Spells                   Type           Power      Damage    Failure   Level
 Scorch                   Fire           0%         2d5       41%         2
 Flame Wave               Conj/Fire      0%         2d4       96%         4
 Summon Cactus Giant      Summ           0%         N/A       100%        6
 Haunt                    Necr/Summ      0%         N/A       100%        7
 Borgnjor's Revivificati  Necr           0%         N/A       100%        8
 Death's Door             Necr           0%         N/A       100%        9


Dungeon Overview and Level Annotations

Branches:
Dungeon (6/15)             Temple (1/1) D:4

Altars:
Cheibriados
Dithmenos
Elyvilon
Fedhas
Gozag
Kikubaaqudgha
Makhleb
Nemelex Xobeh
Okawaru
Qazlal
Ru
Sif Muna
Trog
Uskayaw
Vehumet
Wu Jian
Xom
Yredelemnul
Zin


Innate Abilities, Weirdness & Mutations

You are a hulking beast.
Your limbs bulge with bestial killing power. (Slay +3)
You have sharp claws.
You have razor-sharp teeth.
You have supernaturally acute eyesight. (SInv)
You are covered in thick fur. (AC +2)
Your paws help you pounce on unaware monsters.
You are incapable of wielding weapons or throwing items.
You cannot wear armour.
You gain extra lives every three experience levels.


Message History

HP restored.
You now have 387 gold pieces (gained 5).
x - a scroll labelled LIMUQAI FITE 2 electric eels come into view.
There are monsters nearby!
There are monsters nearby!
There are monsters nearby!
No reachable target in view!
No reachable target in view!
The electric eel shoots out a bolt of lightning at you!
The bolt of electricity hits the plant!
The plant begins to die.
The bolt of electricity hits you!
Found an escape hatch in the floor.
A howler monkey comes into view.
The electric eel shoots out a bolt of lightning at you!
The bolt of electricity hits the electric eel.
The electric eel completely resists.
The bolt of electricity hits you! The bolt of electricity hits you.
An electric eel comes into view.
The electric eel shoots out a bolt of lightning at you!
The bolt of electricity hits you!
* * * LOW HITPOINT WARNING * * *
The bolt of electricity hits you!
* * * LOW HITPOINT WARNING * * *
There is an open door here.
Aiming: Bolt of Light
Press: ? - help, Shift-Dir - straight line, f - electric eel
Aim: an electric eel (53% to hit)
The bolt of light hits the electric eel!
The electric eel is almost dead.
The electric eel is blinded.
The bolt of light hits the electric eel!
The electric eel is severely wounded.
The electric eel is blinded.
The howler monkey howls!
The electric eel shoots out a bolt of lightning at you!
The bolt of electricity hits the electric eel.
The electric eel completely resists.
The bolt of electricity hits you!
You die...
Your body crumbles into a pile of gold.

♣♣~ ~~ P~ ♣~~~S ###
~P~~~~≈≈ #.. ~♣PS~~~≈
#.#######♣ ~~P~P~≈≈
#.#.....<#♣~~S~~~
+#####.#.######.♣♣~~
.........#......#.♣~♣
.......##.......h..♣
.....~♣♣♣P♣######.....♣
....♣~~♣~~~ ....... ♣♣P
P≈~~~~~♣ ....... ~~
~~≈≈≈~~~~ ....... P
P≈~≈~~P~~~♣ .......
~P≈P~~~~~~~P ....>..
~~~~~~P♣P.~~.♣ ....h..
♣~~..~~......


You could see a howler monkey and 3 electric eels.

Vanquished Creatures
  Grinder (D:6)
  Menkaure (D:4)
  4 black bears
  2 ogres
  2 scorpions (D:4)
  3 killer bees (D:5)
  An electric eel (D:6)
  A bombardier beetle (D:5)
  A jelly (D:5)
  A hound (D:5)
  5 orc wizards
  8 adders
  A white imp (D:5)
  4 ufetubi (D:5)
  A dart slug (D:1)
  A ribbon worm (D:2)
  23 orcs
  5 ball pythons
  5 endoplasms
  A giant cockroach (D:4)
  7 goblins
  10 hobgoblins
  4 quokkas
  7 bats
  2 frilled lizards (D:3)
  10 kobolds
  3 rats
114 creatures vanquished.

Notes
Turn   | Place    | Note
-------+----------+-------------------------------------------
     0 | D:1      | Aldia the Felid Shapeshifter began the quest for the Orb.
     0 | D:1      | Reached XP level 1. HP: 10/10 MP: 2/2
   162 | D:1      | Reached XP level 2. HP: 14/14 MP: 3/3
   179 | D:1      | Found a faded altar of an unknown god.
   830 | D:2      | Reached XP level 3. HP: 13/18 MP: 4/4
  1665 | D:3      | Slain by an orc wizard
  1665 | D:3      | Lost a life (0 lives remaining)
  1709 | D:3      | Reached XP level 4. HP: 18/22 MP: 5/5
  1709 | D:3      | Gained a life (1 life remaining)
  1820 | D:3      | Identified the +2 short sword of a volcano {drain, rPois
                  | Str+6}
  1938 | D:3      | Reached skill level 4 in Unarmed Combat
  2143 | D:3      | Reached XP level 5. HP: 14/25 MP: 6/6
  2614 | D:4      | Noticed Menkaure
  2623 | D:4      | Killed from afar by Menkaure
  2623 | D:4      | Lost a life (0 lives remaining)
  2666 | D:4      | Killed Menkaure
  2667 | D:4      | Reached skill level 5 in Shapeshifting
  2667 | D:4      | Gained mutation: You are covered in thick fur. (AC +2)
                  | [Felid growth]
  2667 | D:4      | Reached XP level 6. HP: 30/30 MP: 7/7
  2692 | D:4      | Found a stormy altar of Qazlal.
  2765 | D:4      | Found a radiant altar of Vehumet.
  2858 | D:4      | Reached skill level 5 in Unarmed Combat
  2931 | D:4      | Found a hide-covered altar of Uskayaw.
  3105 | D:4      | Reached XP level 7. HP: 18/34 MP: 8/8
  3105 | D:4      | Gained a life (1 life remaining)
  3199 | D:4      | Found a staircase to the Ecumenical Temple.
  3254 | Temple   | Entered the Ecumenical Temple
  3264 | Temple   | Became a worshipper of Gozag Ym Sagoz the Greedy
  3322 | D:4      | Found a glowing silver altar of Zin.
  3407 | D:5      | Entered Level 5 of the Dungeon
  3883 | D:5      | Reached skill level 6 in Unarmed Combat
  4027 | D:5      | Slain by a killer bee
  4027 | D:5      | Lost a life (0 lives remaining)
  4053 | D:5      | Reached XP level 8. HP: 14/39 MP: 9/9
  4509 | D:5      | Found a white marble altar of Elyvilon.
  4563 | D:6      | Noticed Grinder
  4578 | D:6      | Killed Grinder
  4579 | D:6      | Reached skill level 7 in Unarmed Combat
  4618 | D:6      | HP: 1/42 [electric eel/bolt of electricity (10)]
  4619 | D:6      | Killed from afar by an electric eel

Illustrated notes

Levels and vault maps discovered:
D:1:      nzn_arrival_crosshair, layout_basic,
          shapermc_ecumenical_altar_starsandcircs
D:2:      layout_loops_ring, moated_statue, kennysheep_big_empty_room,
          minmay_tromino_v2
D:3:      layout_rooms, hex_intersection
D:4:      layout_rooms, kennysheep_little_box,
          mainiacjoe_overflow_catwalk_spiral, amcnicky_altar_gilded,
          temple_hall, uniq_menkaure
D:5:      layout_gridville, lemuel_crystal_altar
D:6:      layout_basic, serial_bayou, serial_bayou_lagoon_a,
          serial_bayou_shore_b, serial_bayou_lake_a, serial_bayou_ford_a,
          uniq_grinder, uniq_sigmund
Temple:   nicolae_temple_great_sept

Skill      XL: |  1  2  3  4  5  6  7  8 |
---------------+-------------------------+-----
Dodging        | 3 |  3.0
Shapeshifting  | 3 4 5 6 |  6.9
Unarmed Combat | 4 5 6 7 |  7.2
Fighting       | 2 3 |  3.7

Action                     |  1- 3 |  4- 6 |  7- 9 || total
---------------------------+-------+-------+-------++-------
  Melee: Unarmed           |   114 |   122 |   101 ||   337
         Punch             |     2 |     3 |     3 ||     8
         Bite              |     9 |    12 |     8 ||    29
  Evoke: Wand              |       |       |     1 ||     1
    Use: Scroll            |     1 |     1 |     7 ||     9
         Potion            |       |     1 |       ||     1
   Stab: Sleeping          |       |     1 |     1 ||     2
         Distracted        |       |       |     3 ||     3
 Armour: Skin              |    42 |    48 |    50 ||   140
  Dodge: Dodged            |    92 |   103 |    99 ||   294
         Form:             |     1 |       |       ||     1
         Beast             |     1 |       |       ||     1

Table legend: (Time is in decaauts)
 A = Elapsed time spent in this place.
 B = Non-inter-level travel time spent in this place.
 C = Inter-level travel time spent in this place.
 D = Time resting spent in this place.
 E = Time spent auto-exploring this place.
 F = Levels seen in this place.
 G = Mean time per level.
                   A        B        C        D        E       F      G
               +--------+--------+--------+--------+--------+-----+--------+
         Total |   4592 |   4486 |    106 |    189 |   3422 |   7 |  656.0 |
       Dungeon |   4571 |   4483 |     88 |    189 |   3422 |   6 |  761.8 |
        Temple |     20 |      2 |     18 |      0 |      0 |   1 |   20.0 |
               +--------+--------+--------+--------+--------+-----+--------+

Top non-repeatable levels by time:
     D:5: 1139 daAuts
     D:4: 1046 daAuts
     D:2: 857 daAuts
     D:3: 763 daAuts
     D:1: 702 daAuts
     D:6: 62 daAuts
  Temple: 20 daAuts
